 Dungeon Crawl Stone Soup version 0.29-a0-520-gc852659d43 (webtiles) character file.

Game seed: 6605315999975095257

179 Lekart the Skirmisher (level 5, -13/47 HPs)
             Began as a Draconian Chaos Knight on May 31, 2022.
             Was a Plaything of Xom.
             Killed by divine providence
             ... invoked by an orc priest
              (16 damage)
             ... on level 4 of the Dungeon.
             The game lasted 00:05:25 (2470 turns).

Lekart the Skirmisher (Draconian Chaos Knight)      Turns: 2470, Time: 00:05:25

Health: -13/47     AC:  8    Str: 20      XL:     5   Next: 33%
Magic:  5/5        EV: 12    Int: 10      God:    Xom [...*..]
Gold:   117        SH:  3    Dex: 12 (13) Spells: 4/4 levels left

rFire   . . .      SeeInvis +   d - +0 dagger (venom)
rCold   + . .      Faith    .   h - +0 buckler
rNeg    . . .      Spirit   .   (body armour unavailable)
rPois   .          Reflect  .   (helmet restricted)
rElec   .          Harm     .   (no cloak)
rCorr   .          Rampage  .   c - +0 pair of gloves
Will    .....                   u - +1 pair of boots {Fly}
Stlth   +.........              (no amulet)
HPRegen 0.15/turn               l - +6 ring of strength
MPRegen 0.09/turn               p - ring of see invisible

@: mighty, attractive, flying
A: AC +5, unfitting armour, cold-blooded, cold resistance 1, deterioration 1,
dopey 1
a: Renounce Religion


You were on level 4 of the Dungeon.
You worshipped Xom.
You were a favourite toy of Xom.
You visited 1 branch of the dungeon, and saw 4 of its levels.

You collected 137 gold pieces.
You spent 20 gold pieces at shops.

Inventory:

Hand Weapons
 a - a +1 falchion of chaos
 d - a +0 dagger of venom (weapon)
Missiles
 o - 3 poisoned darts (quivered)
Armour
 c - a +0 pair of gloves (worn)
 h - a +0 buckler (worn)
 u - a +1 pair of boots of flying (worn)
Jewellery
 l - a +6 ring of strength (left hand)
 p - a ring of see invisible (right hand)
 s - a ring of resist corrosion
Scrolls
 g - 3 scrolls of immolation
 j - a scroll of fear
 m - a scroll of enchant armour
 r - 2 scrolls of identify
Miscellaneous
 b - a piece from Xom's chessboard (15/15)


   Skills:
 * Level 4.8 Fighting
 + Level 1.6(2.8) Short Blades
 + Level 3.6(3.8) Long Blades
 + Level 1.2 Throwing
 + Level 2.9 Dodging
 + Level 0.2 Shields


You had 4 spell levels left.
You didn't know any spells.
Your spell library contained the following spells:

 Spells                   Type           Power      Damage    Failure   Level
 Ensorcelled Hibernation  Hex/Ice        0%         N/A       61%         2
 Passwall                 Tmut/Erth      0%         N/A       61%         2
 Dazzling Flash           Conj/Hex       0%         N/A       83%         3
 Swiftness                Air            0%         N/A       83%         3
 Iskenderun's Mystic Bla  Conj/Tloc      0%         2d3       99%         4
 Starburst                Conj/Fire      0%         6d3       100%        6


Dungeon Overview and Level Annotations

Branches:
Dungeon (4/15)
 Temple: D:4-7

Altars:

Shops:
D:2 ?

Portals:
Sewer: D:4


Innate Abilities, Weirdness & Mutations

Your plain brown scales are hard. (AC +5)
You cannot fit into any form of body armour.
You are cold-blooded and may be slowed by cold attacks.
Your flesh is cold resistant. (rC+)
Your body sometimes deteriorates upon taking damage.
You are dopey. (Int -2)


Message History

You puncture the river rat!
You kill the river rat!
The ball python is attracted toward you.
You closely miss the rat.
Your tail-slap misses the rat.
You hear the slow rusting of a drain very nearby.
The rat completely misses you.
You closely miss the rat. The rat bites you but does no damage.
You completely miss the rat. You barely miss the rat. You tail-slap the rat.
You kill the rat!
The giant cockroach is attracted toward you.
The orc priest is attracted toward you.
You closely miss the orc wizard. You tail-slap the orc wizard.
You kill the orc wizard!
You barely miss the giant cockroach. You tail-slap the giant cockroach.
You kill the giant cockroach!
The orc is attracted toward you.
You puncture the ball python!
You kill the ball python!
The orc priest is attracted toward you.
You hit the orc.
The orc is poisoned.
The orc is lightly wounded.
The orc closely misses you.
You hit the orc.
The orc looks even sicker.
The orc is heavily wounded.
The orc hits you with a +0 dagger.
You closely miss the orc. You tail-slap the orc.
You kill the orc!
The orc priest mumbles some strange prayers to Beogh against you.
Beogh smites you!
* * * LOW HITPOINT WARNING * * *
Your body deteriorates!
You feel clumsy. The orc priest is attracted toward you.
The orc is attracted toward you.
You puncture the orc priest!
The orc priest looks as sick as possible!
The orc priest is almost dead.
The orc priest mumbles some strange prayers to Beogh against you.
Beogh smites you!
You die...
Xom thinks this is hilarious!

*####### **** *......#**** ,,,*
*.......,,,*
**,*###############†......,,,*
*,*#...........@oo§...≈≈≈,,,*
#,*#.#############...≈≈≈≈≈,,* **
##.##.# *.o.≈≈∩≈≈,,* *, ......#
*...≈≈≈≈≈,,***, #####.#
*#...≈≈≈,,,,**, ## #.#
********......,,,,**, §####.#####
*,,,,,,,......,,,,,,, §§§§†.....#
*,*****,..#..#*,,****
#####[###.#**,*****,,,,,,,,,,,,,,


You could see an orc priest (extremely poisoned) and an orc.

Vanquished Creatures
  An orc priest (D:3)
  3 orc wizards
  2 adders
  2 river rats (D:4)
  3 worms
  3 dart slugs
  8 orcs
  2 endoplasms
  3 giant cockroaches
  5 goblins
  2 hobgoblins
  4 kobolds
  2 quokkas
  7 ball pythons
  2 bats
  2 frilled lizards
  6 rats
57 creatures vanquished.

Vanquished Creatures (others)
  A rat (D:4)
1 creature vanquished.

Grand Total: 58 creatures vanquished

Notes
Turn   | Place    | Note
-------+----------+-------------------------------------------
     0 | D:1      | Lekart the Draconian Chaos Knight began the quest for the
                  | Orb.
     0 | D:1      | Reached XP level 1. HP: 19/19 MP: 1/1
   115 | D:1      | Found a faded altar of an unknown god.
   216 | D:1      | Reached XP level 2. HP: 24/26 MP: 2/2
   300 | D:1      | XOM: divination: detect items
   340 | D:1      | XOM: torment (15/27 hp)
   629 | D:1      | XOM: 8-stop teleportation journey
  1158 | D:2      | Found Fydi's Magic Scroll Shop.
  1163 | D:2      | Bought a scroll of identify for 20 gold pieces
  1402 | D:2      | XOM: 1-stop teleportation journey
  1493 | D:2      | Reached skill level 4 in Fighting
  1493 | D:2      | Reached XP level 3. HP: 33/33 MP: 3/3
  1580 | D:3      | XOM: summons friendly quasit
  1631 | D:3      | XOM: god gift: 2 atropa-tipped darts
  1641 | D:3      | XOM: stat loss: -1 Dex (11/12)
  1685 | D:3      | XOM: 2-stop teleportation journey
  1903 | D:3      | XOM: god gift: +0 pair of boots of flying
  2038 | D:3      | Reached skill level 1 in Throwing
  2047 | D:3      | XOM is BORED!
  2047 | D:3      | XOM: stat loss: -2 Dex (9/12)
  2075 | D:3      | Reached XP level 4. HP: 28/41 MP: 4/4
  2087 | D:3      | Reached skill level 1 in Short Blades
  2173 | D:3      | XOM: give mutations
  2173 | D:3      | Gained mutation: You are dopey. (Int -2) [Xom's mischief]
  2173 | D:3      | Gained mutation: Your body sometimes deteriorates upon
                  | taking damage. [Xom's mischief]
  2173 | D:3      | Gained mutation: Your flesh is cold resistant. (rC+) [Xom's
                  | mischief]
  2220 | D:3      | XOM: silly message
  2402 | D:4      | XOM: fog
  2427 | D:4      | Found a glowing drain.
  2433 | D:4      | XOM: noise
  2449 | D:4      | XOM: enchant monster (bad)
  2450 | D:4      | Reached XP level 5. HP: 15/47 MP: 5/5
  2470 | D:4      | Killed from afar by an orc priest

Illustrated notes

Levels and vault maps discovered:
D:1:      lemuel_arrival_broad_hall, layout_loops_ring,
          chequers_ecumenical_altar_simple_redux, minmay_bisected
D:2:      layout_rooms, serial_shops, shop_statue, kennysheep_decorative_pillar,
          dk_noncrumbling_3, hex_tiny
D:3:      layout_basic, minivault_19
D:4:      layout_loops_ring, portal_sewer_entry_a

Skill      XL: |  1  2  3  4 |
---------------+-------------+-----
Fighting       | 4 |  4.8
Throwing       | 1 |  1.2
Short Blades   | 1 |  1.6
Long Blades    | |  3.6
Dodging        | |  2.9
Shields        | |  0.2

Action                   |  1- 3 |  4- 6 || total
-------------------------+-------+-------++-------
Melee: Falchion          |    14 |       ||    14
       Dagger            |    90 |    76 ||   166
       Tailslap          |    13 |    11 ||    24
       Punch             |     1 |       ||     1
Throw: Dart              |    15 |       ||    15
Evoke: Piece from Xom's  |     1 |     1 ||     2
  Use: Potion            |     1 |     5 ||     6
       Scroll            |       |     7 ||     7
Armor: Skin              |    28 |    20 ||    48
Dodge: Dodged            |    53 |    40 ||    93
Block: Buckler           |     4 |     9 ||    13

Table legend: (Time is in decaauts)
 A = Elapsed time spent in this place.
 B = Non-inter-level travel time spent in this place.
 C = Inter-level travel time spent in this place.
 D = Time resting spent in this place.
 E = Time spent auto-exploring this place.
 F = Levels seen in this place.
 G = Mean time per level.
                   A        B        C        D        E       F      G
               +--------+--------+--------+--------+--------+-----+--------+
         Total |   2458 |   2393 |     65 |      0 |   1930 |   4 |  614.5 |
       Dungeon |   2458 |   2393 |     65 |      0 |   1930 |   4 |  614.5 |
               +--------+--------+--------+--------+--------+-----+--------+

Top non-repeatable levels by time:
     D:1: 912 daAuts
     D:3: 833 daAuts
     D:2: 603 daAuts
     D:4: 109 daAuts
